 Dungeon Crawl Stone Soup version 0.23.2-1-ga50397a (webtiles) character file.

Game seed: 14849869432861904569

49 Kahibar the Ruffian (level 3, 0/28 HPs)
             Began as a Draconian Transmuter on May 20, 2019.
             Succumbed to a worker ant's poison
             ... on level 2 of the Dungeon.
             The game lasted 00:16:52 (2446 turns).

Kahibar the Ruffian (Draconian Transmuter)          Turns: 2446, Time: 00:16:53

Health: 0/28       AC:  5    Str: 12    XL:     3   Next: 51%
Magic:  6/6        EV: 12    Int: 14    God:
Gold:   36         SH:  0    Dex: 11    Spells: 3/6 levels left

rFire    . . .     SeeInvis .   e - +0 club
rCold    . . .     Gourm    .   (no shield)
rNeg     . . .     Faith    .   (armour unavailable)
rPois    .         Spirit   .   (helmet restricted)
rElec    .         Reflect  .   (no cloak)
rCorr    .         Harm     .   (no gloves)
MR       .....                  (no boots)
Stlth    +.........             (no amulet)
HPRegen  0.09/turn              (no ring)
MPRegen  0.10/turn              (no ring)

@: lethally poisoned (0 -> -3)
A: unfitting armour, cold-blooded, AC +5
a: no special abilities


You were on level 2 of the Dungeon.
You were not hungry.

You visited 1 branch of the dungeon, and saw 2 of its levels.

You collected 36 gold pieces.

Inventory:

Hand Weapons
 e - a +0 club (weapon)
 n - a +0 short sword
Missiles
 a - 29 arrows
 d - 6 tomahawks (quivered)
 f - 69 stones
 i - 16 sling bullets
 m - 11 poisoned needles
Armour
 p - a +1 pair of boots
Scrolls
 h - a scroll of teleportation {unknown}
 k - a scroll of blinking {unknown}
Potions
 b - a potion of curing
 g - a potion of ambrosia {unknown}
 l - a potion of flight {unknown}
 o - a potion of resistance {unknown}
Comestibles
 c - 5 rations


   Skills:
 + Level 1.3 Fighting
 - Level 1.0 Maces & Flails
 + Level 2.2 Dodging
 + Level 0.1 Stealth
 + Level 3.4 Unarmed Combat
 + Level 2.3 Spellcasting
 + Level 2.2 Transmutations


You had 3 spell levels left.
You knew the following spells:

 Your Spells              Type           Power        Failure   Level  Hunger
a - Beastly Appendage     Tmut           #.....       10%         1    #......
b - Sticks to Snakes      Tmut           #.......     14%         2    ###....

Your spell library contained the following spells:

 Spells                   Type           Power        Failure   Level  Hunger
 Spider Form              Tmut/Pois      #.........   41%         3    ###....
 Ice Form                 Ice/Tmut       #.......     82%         4    #####..
 Blade Hands              Tmut           #.........   95%         5    ######.


Dungeon Overview and Level Annotations

Branches:
Dungeon (2/15)

Altars:


Innate Abilities, Weirdness & Mutations

Your plain brown scales are hard. (AC +5)
You cannot fit into any form of body armour.
You are cold-blooded and may be slowed by cold attacks.


Message History

Your ball python constricts the worker ant.
The worker ant closely misses you.
Your ball python bites the worker ant but does no damage.
Your ball python constricts the worker ant.
The worker ant struggles to escape constriction.
Your ball python bites the worker ant but does no damage.
Your ball python constricts the worker ant.
The worker ant misses your ball python.
* * * LOW HITPOINT WARNING * * *
You feel sick.
Your ball python bites the worker ant but does no damage.
Your ball python constricts the worker ant.
The worker ant bites your ball python.
Your ball python dies!
The worker ant twitches its antennae in your direction.
* * * LOW HITPOINT WARNING * * *
You feel sick.
* * * LOW HITPOINT WARNING * * *
You feel sick.
You die...

### ##.## ##...##
#####.....##
#########.......รท..#####
#.........###...........
#####
#.########.###...#######
##...#####....a.@.>..###.##
#...........#####........#
......####.## #...<.<...#
#..........# ##........#
##....###### ##...##.##
###..# ##.###.# #..# ###
#.# # #..# #.######### #...
#..........


You could see a worker ant.

Vanquished Creatures
  4 adders
  A dart slug (D:2)
  3 bats
  A giant cockroach (D:2)
  A goblin (D:1)
  3 hobgoblins (D:1)
  4 jackals (D:1)
  A ball python (D:2)
  A frilled lizard (D:1)
  3 rats
22 creatures vanquished.

Vanquished Creatures (collateral kills)
  A goblin (D:1)
1 creature vanquished.

Grand Total: 23 creatures vanquished

Notes
Turn   | Place    | Note
-------+----------+-------------------------------------------
     0 | D:1      | Kahibar the Draconian Transmuter began the quest for the
                  | Orb.
     0 | D:1      | Reached XP level 1. HP: 16/16 MP: 3/3
   554 | D:1      | Reached XP level 2. HP: 23/23 MP: 5/5
   857 | D:1      | Learned a level 2 spell: Sticks to Snakes
  1609 | D:2      | Noticed an ogre
  1646 | D:1      | Reached skill level 1 in Maces & Flails
  1898 | D:2      | Reached XP level 3. HP: 21/28 MP: 3/6
  2429 | D:2      | HP: 1/28 [poisoned by a worker ant]
  2438 | D:2      | HP: 1/28 [poisoned by a worker ant]
  2446 | D:2      | Succumbed to a worker ant's poison

Skill      XL: |  1  2 |
---------------+-------+-----
Dodging        | 2 |  2.2
Maces & Flails | 1 |  1.0
Fighting       | |  1.3
Stealth        | |  0.1
Unarmed Combat | |  3.4
Spellcasting   | |  2.3
Transmutations | |  2.2

Action                   || total
-------------------------++-------
Melee: Club              ||   105
       Unarmed           ||    15
       Tailslap          ||    11
       Headbutt          ||     2
 Cast: Beastly Appendage ||     5
       Sticks to Snakes  ||    10
  Use: Potion            ||     1
  Eat: Chunk             ||     6
Armor: Skin              ||    67
Dodge: Dodged            ||   119
